 Dungeon Crawl Stone Soup version 0.17.1-3-g152610e (webtiles) character file.

903 imbaray the Cutter (level 8, 0/49 HPs)
             Began as a Kobold Berserker on Mar 24, 2016.
             Was a Priest of Trog.
             Succumbed to Heskey's ghost's poison
             ... on level 6 of the Dungeon.
             The game lasted 00:19:08 (4362 turns).

imbaray the Cutter (Kobold Berserker)               Turns: 4362, Time: 00:19:08

Health: 0/49       AC: 11    Str: 15    XL:     8   Next: 28%
Magic:  8/8        EV: 19    Int:  5    God:    Trog [***...]
Gold:   219        SH:  0    Dex: 18    Spells: 0 memorised, 7 levels left

rFire  . . .     SeeInvis .     s - +2 dagger (venom)
rCold  . . .     Clarity  .     d - +0 leather armour
rNeg   . . .     SustAt   .     (shield restricted)
rPois  .         Gourm    .     j - +0 helmet
rElec  .         Spirit   .     (no cloak)
rCorr  .         Warding  .     (no gloves)
rMut   .         Rnd*Tele +     o - +0 pair of boots
MR     .....                    (no amulet)
Stlth  +++.......               (no ring)
                                e - ring of teleportation (curse)

@: lethally poisoned (0 -> -32), exhausted, slowed, very slow, not resistant to
hostile enchantments, fairly stealthy
A: iridescent scales 1, yellow scales 1, carnivore 3
a: Berserk, Trog's Hand, Burn Spellbooks, Renounce Religion, Evoke Teleportation


You were on level 6 of the Dungeon.
You worshipped Trog.
Trog was most pleased with you.
You were very full.

You visited 1 branch of the dungeon, and saw 6 of its levels.

You collected 219 gold pieces.

Inventory:

Hand Weapons
 h - a +3 short sword
 s - a +2 dagger of venom (weapon)
Missiles
 k - 5 needles of frenzy
 m - 32 poisoned needles
Armour
 d - a +0 leather armour (worn)
 j - a +0 helmet (worn)
 o - a +0 pair of boots (worn)
 u - a +0 leather armour
Rods
 x - a -1 rod of shadows (9/9)
   (You found it on level 4 of the Dungeon)
Jewellery
 e - a cursed ring of teleportation (left hand)
Wands
 i - a wand of magic darts (14)
Scrolls
 b - 4 scrolls of remove curse
 g - 2 scrolls of identify
 l - a scroll of fog
 r - a scroll of magic mapping
Potions
 t - a potion of berserk rage
 w - a potion of lignification
Comestibles
 c - 4 meat rations
 f - a slice of pizza
 q - a beef jerky


   Skills:
 - Level 5.0 Fighting
 + Level 7.5 Short Blades
 - Level 2.8 Armour
 + Level 6.4 Dodging
 + Level 4.2 Stealth


You had 7 spell levels left.
You didn't know any spells.

Dungeon Overview and Level Annotations

Branches:
Dungeon (6/15)
 Temple: D:4-7

Altars:
Fedhas
Xom

Annotations:
D:6 Heskey's ghost, novice SpAs


Innate Abilities, Weirdness & Mutations

You are small and have problems with some larger weapons.
You are carnivorous and can eat meat at any time.
You are partially covered in iridescent scales (AC +4).
You are partially covered in yellow scales (AC +2).


Message History

Heskey's ghost is severely damaged.
* * * LOW HITPOINT WARNING * * *
You feel sick. Heskey's ghost completely misses you.
You hit Heskey's ghost.
Heskey's ghost is almost destroyed.
* * * LOW HITPOINT WARNING * * *
You feel sick. Heskey's ghost misses you.
You closely miss Heskey's ghost.
Heskey's ghost is almost destroyed.
* * * LOW HITPOINT WARNING * * *
You feel sick. Heskey's ghost misses you.
You hit Heskey's ghost.
Heskey's ghost is almost destroyed.
* * * LOW HITPOINT WARNING * * *
You feel sick.
Heskey's ghost hits you but does no damage.
You are more poisoned.
You hit Heskey's ghost.
Heskey's ghost is almost destroyed.
You die...

...# #.
......
...#.# ..#$#
.######.#.#
....#...#.#
#.........#
#.........#
#.......@.#
#.......W)#
#......)..#
#.........#
#%........#
#.........#
#.........#
...........
............


You could see Heskey's ghost.

Vanquished Creatures
  Menkaure (D:4)
  A phantom (D:6)
  The ghost of Heskey the Sneak, an amateur SpAs (D:3)
  A scorpion (D:4)
  2 crimson imps
  3 orc priests
  2 hounds (D:4)
  2 orc wizards
  3 worker ants
  10 adders
  3 gnolls
  An ooze (D:4)
  3 adder skeletons
  An adder zombie (D:5)
  4 worms
  2 giant geckos
  21 orcs
  A ball python (D:1)
  4 bats
  6 giant cockroaches
  4 hobgoblins
  2 jackals (D:4)
  2 quokkas
  A giant gecko skeleton (D:4)
  A giant gecko zombie (D:5)
  6 giant newts
  6 goblins
  3 kobolds
  3 rats
100 creatures vanquished.

Notes
Turn   | Place    | Note
--------------------------------------------------------------
     0 | D:1      | imbaray the Kobold Berserker began the quest for the Orb.
     0 | D:1      | Reached XP level 1. HP: 14/14 MP: 1/1
   182 | D:1      | Reached XP level 2. HP: 9/19 MP: 2/2
   962 | D:2      | Reached XP level 3. HP: 19/24 MP: 3/3
  1141 | D:2      | Reached ** piety under Trog
  1141 | D:2      | Reached XP level 4. HP: 14/29 MP: 4/4
  1985 | D:3      | Reached skill level 1 in Stealth
  1998 | D:3      | Noticed Heskey's ghost (amateur SpAs)
  2006 | D:3      | Killed Heskey's ghost
  2006 | D:3      | Reached skill level 5 in Short Blades
  2006 | D:3      | Reached XP level 5. HP: 33/33 MP: 5/5
  2271 | D:3      | Reached XP level 6. HP: 36/39 MP: 6/6
  2992 | D:4      | Found a blossoming altar of Fedhas.
  3094 | D:4      | Reached skill level 6 in Short Blades
  3161 | D:4      | Reached XP level 7. HP: 31/44 MP: 7/7
  3257 | D:4      | Reached skill level 5 in Dodging
  3267 | D:4      | Reached *** piety under Trog
  3323 | D:4      | Gained mutation: You are partially covered in yellow scales (AC +2). [potion of beneficial mutation]
  3324 | D:4      | Gained mutation: You are partially covered in iridescent scales (AC +4). [potion of beneficial mutation]
  3574 | D:4      | Noticed Menkaure
  3591 | D:4      | Killed Menkaure
  3591 | D:4      | Reached skill level 5 in Fighting
  3661 | D:5      | Entered Level 5 of the Dungeon
  3681 | D:5      | Found a shimmering altar of Xom.
  3745 | D:5      | Reached XP level 8. HP: 49/49 MP: 8/8
  3762 | D:5      | Found a blossoming altar of Fedhas.
  3778 | D:5      | Reached skill level 7 in Short Blades
  4073 | D:6      | Noticed Heskey's ghost (novice SpAs)
  4362 | D:6      | Succumbed to Heskey's ghost's poison

Action                   |  1- 3 |  4- 6 |  7- 9 || total
-------------------------+-------+-------+-------++-------
Melee: Short sword       |   103 |    32 |       ||   135
       Dagger            |       |   140 |   255 ||   395
Invok: Berserk           |       |     2 |     1 ||     3
       Trog's Hand       |       |       |     1 ||     1
       Burn Spellbooks   |       |       |     1 ||     1
  Use: Scroll            |     1 |       |     7 ||     8
       Potion            |       |     3 |     5 ||     8
 Stab: Sleeping          |       |     1 |     4 ||     5
       Distracted        |       |       |     1 ||     1
  Eat: Chunk             |     6 |    11 |     4 ||    21
